 Dungeon Crawl Stone Soup version 0.24-a0-487-g57318f2ed0 (webtiles) character file.

Game seed: 11206338063048821693

53 Gynju the Conjurer (level 3, -1/26 HPs)
             Began as a Draconian Conjurer on July 10, 2019.
             Was an Initiate of Vehumet.
             Slain by Terence
             ... wielding a +0 trident
              (5 damage)
             ... on level 2 of the Dungeon.
             The game lasted 00:04:29 (1665 turns).

Gynju the Conjurer (Draconian Conjurer)             Turns: 1665, Time: 00:04:29

Health: -1/26      AC:  5    Str: 10    XL:     3   Next: 64%
Magic:  2/7        EV: 12    Int: 16    God:    Vehumet [......]
Gold:   120        SH:  0    Dex: 11    Spells: 7/8 levels left

rFire    . . .     SeeInvis .   n - +0 long sword
rCold    . . .     Gourm    .   (no shield)
rNeg     . . .     Faith    .   (armour unavailable)
rPois    .         Spirit   .   (helmet restricted)
rElec    .         Reflect  .   l - scarf {cloud immunity}
rCorr    .         Harm     .   (no gloves)
MR       .....                  (no boots)
Stlth    ++........             (no amulet)
HPRegen  0.08/turn              (no ring)
MPRegen  0.10/turn              (no ring)

@: no status effects
A: unfitting armour, cold-blooded, AC +5
a: Renounce Religion


You were on level 2 of the Dungeon.
You worshipped Vehumet.
Vehumet was noncommittal.
You were not hungry.

You visited 1 branch of the dungeon, and saw 2 of its levels.

You collected 120 gold pieces.

Inventory:

Hand Weapons
 n - a +0 long sword (weapon)
Missiles
 d - 11 sling bullets
Armour
 l - a scarf of cloud immunity (worn)
Scrolls
 a - a scroll of enchant armour {unknown}
 f - a scroll of amnesia {unknown}
 g - a scroll of enchant weapon {unknown}
 h - a scroll of noise {unknown}
 k - 2 scrolls of teleportation {unknown}
 m - a scroll of magic mapping {unknown}
Potions
 e - 2 potions of lignification {unknown}
 i - a potion of mutation {unknown}
 j - a potion of haste {unknown}
Comestibles
 b - 2 rations


   Skills:
 - Level 1.7 Dodging
 - Level 1.7 Stealth
 + Level 3.0 Spellcasting
 + Level 4.7 Conjurations


You had 7 spell levels left.
You knew the following spells:

 Your Spells              Type           Power        Failure   Level  Hunger
a - Magic Dart            Conj           ###.         2%          1    #......

Your spell library contained the following spells:

 Spells                   Type           Power        Failure   Level  Hunger
 Searing Ray              Conj           ###...       4%          2    ##.....
 Dazzling Spray           Conj/Hex       ##....       22%         3    ###....
 Iskenderun's Mystic Bla  Conj           ###.....     26%         4    #####..
 Force Lance              Conj/Tloc      ##......     56%         4    #####..
 Fulminant Prism          Conj/Hex       ##........   56%         4    #####..


Dungeon Overview and Level Annotations

Branches:
Dungeon (2/15)

Altars:
Cheibriados
Elyvilon
Vehumet

Annotations:
D:2 Terence


Innate Abilities, Weirdness & Mutations

Your plain brown scales are hard. (AC +5)
You cannot fit into any form of body armour.
You are cold-blooded and may be slowed by cold attacks.


Message History

Terence hits you with a +0 trident.
* * * LOW HITPOINT WARNING * * *
You hit Terence.
Terence is almost dead.
Terence shouts, "DIE!!!"
Terence barely misses you.
The giant cockroach bites you but does no damage.
Terence barely misses you.
You riposte.
You barely miss Terence.
Your tail-slap misses Terence.
Terence is almost dead.
You completely miss Terence.
Terence is almost dead.
The giant cockroach barely misses you. The giant cockroach bites you.
* * * LOW HITPOINT WARNING * * *
Terence hits you but does no damage.
You barely miss Terence.
Terence is almost dead.
The giant cockroach bites you but does no damage.
Terence hits you with a +0 trident.
You die...

##################
#........g.^......
#...!.?..s@@......
#...####'#######+#
#..###...w.###....
#..####.....###...
#..#.###.....###..
#..#..###.....###.
#..†...###.....###
#..#....####'#####
#..#.....#....


You could see Terence, a worm, a giant cockroach and a goblin.

Vanquished Creatures
  2 adders (D:2)
  A dart slug (D:2)
  3 giant cockroaches
  7 goblins
  5 hobgoblins
  A quokka (D:2)
  3 bats
  A frilled lizard (D:1)
  3 kobolds (D:1)
  5 rats
31 creatures vanquished.

Notes
Turn   | Place    | Note
-------+----------+-------------------------------------------
     0 | D:1      | Gynju the Draconian Conjurer began the quest for the Orb.
     0 | D:1      | Reached XP level 1. HP: 14/14 MP: 3/3
   416 | D:1      | Reached XP level 2. HP: 12/20 MP: 1/5
  1284 | D:2      | Found a snail-covered altar of Cheibriados.
  1285 | D:2      | Found a white marble altar of Elyvilon.
  1286 | D:2      | Found a radiant altar of Vehumet.
  1309 | D:2      | Reached XP level 3. HP: 21/26 MP: 1/7
  1321 | D:2      | Became a worshipper of Vehumet
  1646 | D:2      | Noticed Terence
  1665 | D:2      | Slain by Terence

Levels and vault maps discovered:
D:1:      minmay_arrival_wavy_path, layout_rooms,
          chequers_serial_rivers_large_b, minmay_misc_feat_pillars,
          serial_park_tiny_pond
D:2:      layout_rooms, kiku_gazebo_garden_becter, grunt_temple_overflow_open,
          minmay_quadrilaterals, uniq_terence, uniq_jessica

Skill      XL: |  1  2  3 |
---------------+----------+-----
Spellcasting   | 3 |  3.0
Dodging        | |  1.7
Stealth        | |  1.7
Conjurations   | |  4.7

Action                   || total
-------------------------++-------
Melee: Unarmed           ||     9
       Club              ||    11
       Tailslap          ||     4
       Dagger            ||    18
       Long sword        ||    12
 Cast: Magic Dart        ||    66
  Eat: Chunk             ||     3
Armor: Skin              ||    11
Dodge: Dodged            ||    38
       Rpst.: Long sword ||     3

Table legend:
 A = Non-vault XP
 B = Vault XP
 C = Vault XP percentage of total XP
 D = Non-vault monster count
 E = Vault monster count
 F = Vault count percentage of total count
                 A         B        C        D         E       F
            +---------+---------+-------+---------+---------+-------
      Total |      75 |       2 |   2.6 |      30 |       1 |   3.2
            +---------+---------+-------+---------+---------+-------
        D:1 |      32 |       0 |   0.0 |      20 |       0 |   0.0
        D:2 |      43 |       2 |   4.4 |      10 |       1 |   9.1
            +---------+---------+-------+---------+---------+-------
